 Dungeon Crawl Stone Soup version 0.19.0 (webtiles) character file.

178 Jimmy the Conjurer (level 5, 0/28 HPs)
             Began as a Deep Elf Conjurer on Nov 13, 2016.
             Slain by a slave (3 damage)
             ... led by Pikel
             ... on level 5 of the Dungeon.
             The game lasted 00:14:00 (2199 turns).

Jimmy the Conjurer (Deep Elf Conjurer)              Turns: 2199, Time: 00:14:00

Health: 0/28       AC:  2    Str:  5    XL:     5   Next: 32%
Magic:  12/14      EV: 13    Int: 21    God:
Gold:   87         SH:  0    Dex: 15    Spells: 4 memorised, 3 levels left

rFire  . . .     SeeInvis .     g - +1 dagger (vamp)
rCold  . . .     Gourm    .     a - +0 robe
rNeg   . . .     Faith    .     (no shield)
rPois  .         Spirit   .     (no helmet)
rElec  .         Reflect  .     (no cloak)
rCorr  .         Harm     .     (no gloves)
MR     .....                    (no boots)
Stlth  ++........               (no amulet)
                                (no ring)
                                (no ring)

@: no status effects
A: no striking features
a: no special abilities


You were on level 5 of the Dungeon.
You were not hungry.

You visited 1 branch of the dungeon, and saw 5 of its levels.

You collected 87 gold pieces.

Inventory:

Hand Weapons
 g - a +1 vampiric dagger (weapon)
Armour
 a - a +0 robe (worn)
Jewellery
 d - a +4 ring of strength {unknown}
Scrolls
 e - a scroll of fear {unknown}
 f - 2 scrolls of identify {unknown}
 i - 2 scrolls of amnesia {unknown}
 l - a scroll of teleportation {unknown}
Potions
 h - a potion of curing {unknown}
 j - a potion of brilliance {unknown}
Books
 b - a book of Conjurations

   Spells                             Type                      Level
   a - Magic Dart                     Conjuration                  1
   b - Searing Ray                    Conjuration                  2
   c - Dazzling Spray                 Conjuration/Hexes            3
   d - Fulminant Prism                Conjuration/Hexes            4
   e - Iskenderun's Mystic Blast      Conjuration                  4
   f - Iskenderun's Battlesphere      Conjuration/Charms           5
Comestibles
 c - 2 bread rations
 k - 2 chunks of flesh


   Skills:
 + Level 0.1 Fighting
 + Level 2.6 Dodging
 + Level 3.4 Stealth
 + Level 4.8 Spellcasting
 + Level 6.0 Conjurations


You had 3 spell levels left.
You knew the following spells:

 Your Spells              Type           Power        Failure   Level  Hunger
a - Magic Dart            Conj           ####         1%          1    None
b - Searing Ray           Conj           ####..       1%          2    None
c - Dazzling Spray        Conj/Hex       ###...       12%         3    ##.....
d - Iskenderun's Mystic   Conj           ####....     12%         4    ####...


Dungeon Overview and Level Annotations

Branches:
Dungeon (5/15)
 Temple: D:4-7

Altars:

Annotations:
D:2 Sigmund
D:5 Eucla's ghost, novice TrVM; Pikel


Message History

The slave is severely wounded.
The slave hits you!
You hit the slave but do no damage.
The slave is severely wounded.
The slave hits you.
* * * LOW HITPOINT WARNING * * *
You hit the slave but do no damage.
The slave is severely wounded.
The slave closely misses you.
You closely miss the slave.
The slave is severely wounded.
The slave hits you!
* * * LOW HITPOINT WARNING * * *
The slave closely misses you.
There is an open door here.
Eucla's ghost (novice Troll Venom Mage) comes into view.
Eucla's ghost turns its malevolent gaze towards you.
There is a stone staircase leading up here.
The slave hits you.
You die...

####### #.....#.
#.....#... #@....+..
#p....#.. #..)..#..
#.....#.#
#.....#.##########
+W....+...........
#####.....#.###......#
#....##.###.# #......#
####..W.##.# #.#
#......#


You could see a slave and Eucla's ghost.

Vanquished Creatures
  A scorpion (D:4)
  An orc priest (D:5)
  An orc wizard (D:4)
  A worker ant (D:3)
  2 adders
  An orc (D:4)
  4 giant cockroaches
  5 goblins
  4 hobgoblins
  3 jackals (D:1)
  2 bats (D:2)
  5 frilled lizards
  3 kobolds (D:1)
  2 rats
35 creatures vanquished.

Notes
Turn   | Place    | Note
-------+----------+-------------------------------------------
     0 | D:1      | Jimmy the Deep Elf Conjurer began the quest for the Orb.
     0 | D:1      | Reached XP level 1. HP: 10/10 MP: 6/6
   278 | D:1      | Reached XP level 2. HP: 12/15 MP: 4/8
   934 | D:2      | Learned a level 2 spell: Searing Ray
   951 | D:2      | Reached skill level 5 in Conjurations
   951 | D:2      | Reached XP level 3. HP: 19/19 MP: 7/10
   956 | D:2      | Learned a level 3 spell: Dazzling Spray
  1176 | D:2      | Noticed Sigmund
  1343 | D:3      | You fall through a shaft for 2 floors!
  1343 | D:5      | Entered Level 5 of the Dungeon
  1343 | D:5      | Noticed a scorpion
  1372 | D:4      | Reached XP level 4. HP: 9/24 MP: 8/12
  1378 | D:4      | Learned a level 4 spell: Iskenderun's Mystic Blast
  1879 | D:4      | HP: 1/24 [something/magic dart (9)]
  1881 | D:4      | Reached XP level 5. HP: 19/28 MP: 3/14
  1960 | D:5      | Reached skill level 6 in Conjurations
  2162 | D:5      | Noticed a slave
  2163 | D:5      | Noticed Pikel
  2163 | D:5      | Noticed a slave
  2163 | D:5      | Noticed a slave
  2179 | D:5      | HP: 1/28 [slave[Pikel] (7)]
  2187 | D:5      | Noticed Eucla's ghost (novice TrVM)
  2199 | D:5      | Slain by a slave

Skill      XL: |  1  2  3  4  5 |
---------------+----------------+-----
Conjurations   | 5 6 |  6.0
Spellcasting   | 4 |  4.8
Stealth        | 3 |  3.4
Fighting       | |  0.1
Dodging        | |  2.6

Action                   |  1- 3 |  4- 6 || total
-------------------------+-------+-------++-------
Melee: Unarmed           |     1 |       ||     1
       Dagger            |       |     6 ||     6
 Cast: Magic Dart        |    66 |    28 ||    94
  Use: Potion            |       |     1 ||     1
  Eat: Chunk             |     1 |     3 ||     4
       Bread ration      |       |     1 ||     1
Armor: Robe              |     3 |     2 ||     5
Dodge: Dodged            |     8 |    16 ||    24
